[Event "III Copa Marcel Duchamp 2019"]
[Site "Montevideo"]
[Date "2019.02.10"]
[Round "2.4"]
[White "Alonso, Salvador"]
[Black "Munoz Perez, Rolando"]
[Result "1-0"]
[ECO "C41"]
[WhiteElo "2502"]
[BlackElo "2130"]
[Annotator "ChessBase"]
[PlyCount "85"]
[EventDate "2019.02.09"]
[EventType "swiss"]
[EventCountry "URU"]
[SourceTitle "playchess.com"]
[Source "ChessBase"]
[SourceQuality "1"]
[TimeControl "5400+30"]

1. e4 e5 2. Nf3 d6 3. d4 Nf6 4. Nc3 Nbd7 5. Bc4 Be7 6. O-O O-O 7. Re1 c6 8. a4 b6 9. Ba2 Bb7 10. dxe5 dxe5 11. Nh4 g6 12. Bh6 Re8 13. Qf3 Bf8 14. Bg5 Bg7 15. Rad1 Qe7 16. Rxd7 Qxd7 17. Bxf6 Bxf6 18. Qxf6 Qe7 19. Qxe7 Rxe7 20. Rd1 a6 21. Nf3 Kg7 22. Ng5 f6 23. Ne6+ Kh8 24. Rd6 Rc8 25. f3 a5 26. Bc4 h6 27. Kf2 Kh7 28. Ke3 h5 29. Nd8 Ba8 30. Ba6 Rcc7 31. Ne6 Ra7 32. Bc4 Kh6 33. Rd8 Bb7 34. Rh8+ Rh7 35. Rf8 Ra8 36. Rxf6 Re8 37. h4 Rhe7 38. Ng5 Kg7 39. Rd6 Rb8 40. Ne6+ Kh6 41. Nd8 c5 42. Nf7+ Kg7 43. Rxb6 1-0

[Event "III Copa Marcel Duchamp 2019"]
[Site "Montevideo"]
[Date "2019.02.10"]
[Round "2.7"]
[White "Meza, Anahi"]
[Black "Ricardi, Pablo"]
[Result "0-1"]
[ECO "E56"]
[WhiteElo "2058"]
[BlackElo "2479"]
[Annotator "ChessBase"]
[PlyCount "54"]
[EventDate "2019.02.09"]
[EventType "swiss"]
[EventCountry "URU"]
[SourceTitle "playchess.com"]
[Source "ChessBase"]
[SourceQuality "1"]
[TimeControl "5400+30"]

1. d4 Nf6 2. c4 e6 3. Nc3 Bb4 4. e3 c5 5. Nf3 O-O 6. Bd3 d5 7. O-O Nc6 8. a3 Ba5 9. cxd5 exd5 10. dxc5 Bxc3 11. bxc3 Qa5 12. Qc2 Qxc5 13. a4 Re8 14. Ng5 g6 15. Ba3 Qb6 16. Rab1 Qc7 17. f4 Rxe3 18. f5 Ng4 19. g3 Nce5 20. fxg6 hxg6 21. Bxg6 fxg6 22. Qg2 Re4 23. Rf8+ Kg7 24. Qh3 Nh6 25. Rxc8 Qxc8 26. Ne6+ Qxe6 27. Rxb7+ Nef7 0-1

[Event "III Copa Marcel Duchamp 2019"]
[Site "Montevideo"]
[Date "2019.02.10"]
[Round "2.9"]
[White "Torella, Rodolfo"]
[Black "Hoffman, Alejandro"]
[Result "0-1"]
[ECO "B20"]
[WhiteElo "2022"]
[BlackElo "2461"]
[Annotator "ChessBase"]
[PlyCount "66"]
[EventDate "2019.02.09"]
[EventType "swiss"]
[EventCountry "URU"]
[SourceTitle "playchess.com"]
[Source "ChessBase"]
[SourceQuality "1"]
[TimeControl "5400+30"]

1. e4 c5 2. b3 Nc6 3. Bb2 e6 4. Nf3 a6 5. g3 d5 6. exd5 exd5 7. Qe2+ Qe7 8. Qxe7+ Ngxe7 9. a3 f6 10. Bg2 Bf5 11. d3 Rd8 12. Nbd2 Kf7 13. Nh4 Be6 14. Nhf3 Nf5 15. O-O-O h5 16. h3 h4 17. g4 Nfe7 18. g5 Ng6 19. Rde1 Be7 20. gxf6 gxf6 21. d4 cxd4 22. b4 d3 23. cxd3 Nf4 24. Bf1 Bf5 25. d4 Rc8 26. Kd1 a5 27. b5 Nb8 28. Re3 Rc2 29. Bc3 Rc8 30. Nxh4 Bh7 31. Nb1 Ra2 32. Nd2 Bxa3 33. Ng2 Ra1+ 0-1

[Event "III Copa Marcel Duchamp 2019"]
[Site "Montevideo"]
[Date "2019.02.10"]
[Round "2.12"]
[White "Diaz Hollemaert, Nahuel"]
[Black "Gomez Troccoli, Martin"]
[Result "*"]
[ECO "A04"]
[WhiteElo "2426"]
[BlackElo "1976"]
[Annotator "NA RC"]
[PlyCount "78"]
[EventDate "2019.02.09"]
[EventType "swiss"]
[EventCountry "URU"]
[SourceTitle "playchess.com"]
[Source "ChessBase"]
[SourceQuality "1"]
[TimeControl "5400+30"]

1. Nf3 e6 2. g3 d5 3. Bg2 Nf6 4. O-O Be7 5. c4 O-O 6. b3 b6 7. Bb2 Bb7 8. e3 c5 9. Nc3 Nbd7 10. Qe2 Rc8 11. Rfd1 Ne4 12. Rac1 Nxc3 13. Bxc3 Ba6 14. d3 Bf6 15. Qb2 Bxc3 16. Rxc3 Qf6 17. cxd5 exd5 18. d4 c4 19. Nd2 b5 20. Bxd5 Nb6 21. Bg2 b4 22. Ne4 Qe7 23. Rcc1 f5 24. Nc5 c3 25. Qa1 Bb5 26. a3 Bc6 27. axb4 Bxg2 28. Kxg2 f4 29. Qxc3 fxg3 30. hxg3 Qf7 31. Rd2 Qf3+ 32. Kg1 Nd5 33. Qc4 Rf6 34. Qe2 Qf5 35. e4 Qh3 36. Qf1 Qh6 37. Nd7 Rxc1 38. Nxf6+ Nxf6 39. Qxc1 Nxe4 *

[Event "III Copa Marcel Duchamp 2019"]
[Site "Montevideo"]
[Date "2019.02.10"]
[Round "2.16"]
[White "Lopez Azambuja, Nicolas"]
[Black "Muzzi, Eduardo"]
[Result "1-0"]
[ECO "C02"]
[WhiteElo "2320"]
[BlackElo "1954"]
[Annotator "NA RC"]
[PlyCount "61"]
[EventDate "2019.02.09"]
[EventType "swiss"]
[EventCountry "URU"]
[SourceTitle "playchess.com"]
[Source "ChessBase"]
[SourceQuality "1"]
[TimeControl "5400+30"]

1. e4 e6 2. d4 d5 3. e5 c5 4. c3 Nc6 5. Nf3 Qb6 6. a3 Nge7 7. dxc5 Qxc5 8. Bd3 Ng6 9. Qe2 Qb6 10. O-O Be7 11. g3 Bd7 12. h4 f6 13. Bxg6+ hxg6 14. c4 fxe5 15. cxd5 Nd4 16. Nxd4 exd4 17. Re1 O-O-O 18. Bf4 Bd6 19. dxe6 Bb5 20. Qg4 Kb8 21. Nd2 Ka8 22. Bg5 Rde8 23. b4 Be7 24. Bxe7 Rxe7 25. Nb3 d3 26. Rad1 Rd8 27. Rd2 Qd6 28. Qxg6 Qd5 29. Qg5 Qxg5 30. hxg5 Rd6 31. f4 1-0

[Event "III Copa Marcel Duchamp 2019"]
[Site "Montevideo"]
[Date "2019.02.10"]
[Round "2.17"]
[White "Escofet, Jaime"]
[Black "Mussanti, Diego"]
[Result "0-1"]
[ECO "A01"]
[WhiteElo "1957"]
[BlackElo "2305"]
[Annotator "NA"]
[PlyCount "55"]
[EventDate "2019.02.09"]
[EventType "swiss"]
[EventCountry "URU"]
[SourceTitle "playchess.com"]
[Source "ChessBase"]
[SourceQuality "1"]
[TimeControl "5400+30"]

1. b3 d5 2. Bb2 Nf6 3. e3 c5 4. Bb5+ Nbd7 5. Nf3 e6 6. Ne5 a6 7. Bxd7+ Nxd7 8. O-O Nxe5 9. Bxe5 f6 10. Bb2 Bd6 11. d4 O-O 12. Nd2 Qc7 13. h3 c4 14. bxc4 dxc4 15. c3 b5 16. e4 Bb7 17. Qe2 Rac8 18. Rfe1 a5 19. Rac1 Bh2+ 20. Kh1 Bf4 21. Rb1 b4 22. a3 Bxd2 23. Qxd2 f5 24. exf5 Rxf5 25. Re5 Rxe5 26. dxe5 Qxe5 27. axb4 Qf5 28. Kg1 0-1

[Event "III Copa Marcel Duchamp 2019"]
[Site "Montevideo"]
[Date "2019.02.10"]
[Round "2.18"]
[White "Scarella, Enrique Alejandro"]
[Black "Durante, Aurelio"]
[Result "1-0"]
[ECO "A06"]
[WhiteElo "2304"]
[BlackElo "1941"]
[Annotator "NA"]
[PlyCount "58"]
[EventDate "2019.02.09"]
[EventType "swiss"]
[EventCountry "URU"]
[SourceTitle "playchess.com"]
[Source "ChessBase"]
[SourceQuality "1"]
[TimeControl "5400+30"]

1. Nf3 d5 2. c4 c6 3. e3 Nf6 4. d4 e6 5. Bd3 Be7 6. Nc3 O-O 7. O-O Nbd7 8. Qe2 Qc7 9. e4 dxc4 10. Bxc4 e5 11. h3 b5 12. Bb3 a5 13. dxe5 Nxe5 14. Nxe5 Qxe5 15. f4 Qh5 16. Qxh5 Nxh5 17. Bd1 Nf6 18. e5 Bc5+ 19. Kh2 Nd5 20. Nxd5 cxd5 21. Bf3 Bb7 22. Rd1 Rfd8 23. f5 Ra6 24. Bf4 f6 25. e6 g5 26. Rac1 Bd6 27. Bxd6 Raxd6 28. Rc7 Rb6 29. e7 Re8 1-0

[Event "III Copa Marcel Duchamp 2019"]
[Site "Montevideo"]
[Date "2019.02.10"]
[Round "2.19"]
[White "Rupel, David"]
[Black "Zapata Charles, Santiago"]
[Result "0-1"]
[ECO "D85"]
[WhiteElo "1953"]
[BlackElo "2300"]
[Annotator "NA"]
[PlyCount "42"]
[EventDate "2019.02.09"]
[EventType "swiss"]
[EventCountry "URU"]
[SourceTitle "playchess.com"]
[Source "ChessBase"]
[SourceQuality "1"]
[TimeControl "5400+30"]

1. d4 Nf6 2. c4 g6 3. Nc3 d5 4. cxd5 Nxd5 5. Bd2 Nb6 6. e4 Qxd4 7. Nf3 Qd8 8. Bf4 Qxd1+ 9. Rxd1 c6 10. Bc7 Bd7 11. a4 Bg7 12. a5 Nc8 13. Bc4 Nd6 14. Bxd6 exd6 15. Rxd6 Ke7 16. Rd3 b5 17. Ba2 Na6 18. e5 Nb4 19. Rxd7+ Kxd7 20. Bxf7 Nd3+ 21. Ke2 Nxe5 0-1

[Event "III Copa Marcel Duchamp 2019"]
[Site "Montevideo"]
[Date "2019.02.10"]
[Round "2.21"]
[White "Suarez, Pedro"]
[Black "Larrea, Manuel"]
[Result "0-1"]
[ECO "D35"]
[WhiteElo "1950"]
[BlackElo "2269"]
[Annotator "NA"]
[PlyCount "64"]
[EventDate "2019.02.09"]
[EventType "swiss"]
[EventCountry "URU"]
[SourceTitle "playchess.com"]
[Source "ChessBase"]
[SourceQuality "1"]
[TimeControl "5400+30"]

1. d4 Nf6 2. c4 e6 3. Nc3 d5 4. cxd5 Nxd5 5. e4 Nxc3 6. bxc3 c5 7. Bb5+ Bd7 8. Bxd7+ Nxd7 9. Nf3 cxd4 10. cxd4 Bb4+ 11. Bd2 Bxd2+ 12. Qxd2 Nf6 13. Qb4 Nxe4 14. Qxb7 Nd6 15. Qc6+ Ke7 16. O-O Rc8 17. Qa4 Qd7 18. Qa3 f6 19. Ne5 Qb7 20. Rab1 Qa8 21. Rfe1 Rc7 22. Qg3 fxe5 23. Qxe5 Rd8 24. Qxg7+ Nf7 25. Qxh7 Rxd4 26. Qh3 Qd5 27. Qe3 Rg4 28. g3 Ng5 29. Rec1 Nf3+ 30. Kf1 Rd7 31. Qa3+ Kf7 32. Rb8 Nd2+ 0-1

[Event "III Copa Marcel Duchamp 2019"]
[Site "Montevideo"]
[Date "2019.02.10"]
[Round "2.22"]
[White "Carbone, Diego"]
[Black "Bertucci, Santiago"]
[Result "1-0"]
[ECO "D12"]
[WhiteElo "2256"]
[BlackElo "1909"]
[Annotator "NA"]
[PlyCount "41"]
[EventDate "2019.02.09"]
[EventType "swiss"]
[EventCountry "URU"]
[SourceTitle "playchess.com"]
[Source "ChessBase"]
[SourceQuality "1"]
[TimeControl "5400+30"]

1. d4 d5 2. c4 c6 3. Nf3 Nf6 4. e3 Bf5 5. Nc3 e6 6. Nh4 Bg6 7. Be2 dxc4 8. Nxg6 hxg6 9. Bxc4 Bd6 10. e4 Rxh2 11. Rxh2 Bxh2 12. e5 Nh5 13. Ne4 Qh4 14. Qf3 f5 15. Nd6+ Kd7 16. Bxe6+ Kc7 17. Qb3 b6 18. Bd2 Bg1 19. O-O-O Bxf2 20. Bc8 Bxd4 21. Qf7+ 1-0

[Event "III Copa Marcel Duchamp 2019"]
[Site "Montevideo"]
[Date "2019.02.10"]
[Round "2.23"]
[White "Rodriguez Farias, Eduardo"]
[Black "Muniz, Rafael"]
[Result "0-1"]
[ECO "B07"]
[WhiteElo "1935"]
[BlackElo "2250"]
[Annotator "NA"]
[PlyCount "41"]
[EventDate "2019.02.09"]
[EventType "swiss"]
[EventCountry "URU"]
[SourceTitle "playchess.com"]
[Source "ChessBase"]
[SourceQuality "1"]
[TimeControl "5400+30"]

1. e4 d6 2. d4 Nf6 3. Nc3 Nbd7 4. Nf3 e5 5. Bc4 Be7 6. a4 O-O 7. O-O c6 8. Qe2 b6 9. Bg5 h6 10. Bh4 a6 11. Bg3 Nh5 12. dxe5 Nxg3 13. fxg3 dxe5 14. h3 Qc7 15. g4 Nc5 16. g3 Rb8 17. Ne1 b5 18. axb5 axb5 19. Ba2 b4 20. Nd1 b3 21. cxb3 0-1

[Event "III Copa Marcel Duchamp 2019"]
[Site "Montevideo"]
[Date "2019.02.10"]
[Round "2.24"]
[White "Ramos Correa, Gabriel"]
[Black "Coppola, Claudio"]
[Result "0-1"]
[ECO "A57"]
[WhiteElo "1920"]
[BlackElo "2209"]
[Annotator "NA"]
[PlyCount "82"]
[EventDate "2019.02.09"]
[EventType "swiss"]
[EventCountry "URU"]
[SourceTitle "playchess.com"]
[Source "ChessBase"]
[SourceQuality "1"]
[TimeControl "5400+30"]

1. d4 Nf6 2. c4 c5 3. d5 b5 4. cxb5 a6 5. e3 axb5 6. Bxb5 Qa5+ 7. Nc3 Bb7 8. Bd2 Qb6 9. Qb3 e6 10. e4 Nxe4 11. Bxd7+ Nxd7 12. Qxb6 Nxb6 13. Nxe4 Bxd5 14. f3 Rxa2 15. Rxa2 Bxa2 16. Be3 Na4 17. Nc3 Nxc3 18. bxc3 Bd6 19. Ne2 Ke7 20. Kf2 Rb8 21. Rd1 Rb2 22. Rd2 Rxd2 23. Bxd2 Be5 24. f4 Bc7 25. Be3 Kd6 26. Ke1 Bd5 27. g3 Ba5 28. Kd2 Be4 29. Nc1 Kd5 30. Nb3 Bb6 31. Ke2 c4 32. Nd4 Ba5 33. Bd2 Bd3+ 34. Kf3 f6 35. Nb5 e5 36. fxe5 fxe5 37. Be3 Kc6 38. Na7+ Kb7 39. Nb5 Ka6 40. Nd6 Bxc3 41. Ne8 Bb2 0-1

[Event "III Copa Marcel Duchamp 2019"]
[Site "Montevideo"]
[Date "2019.02.10"]
[Round "2.25"]
[White "El Ters, Antouan"]
[Black "Hart, Alexander"]
[Result "1-0"]
[ECO "B10"]
[WhiteElo "2205"]
[BlackElo "1881"]
[Annotator "NA"]
[PlyCount "93"]
[EventDate "2019.02.09"]
[EventType "swiss"]
[EventCountry "URU"]
[SourceTitle "playchess.com"]
[Source "ChessBase"]
[SourceQuality "1"]
[TimeControl "5400+30"]

1. e4 c6 2. Nf3 d5 3. exd5 cxd5 4. Bb5+ Bd7 5. Qe2 Nc6 6. Nc3 Nf6 7. O-O e6 8. d4 Be7 9. Bg5 O-O 10. a3 Ne4 11. Bxe7 Nxc3 12. bxc3 Nxe7 13. Bd3 Ng6 14. g3 f5 15. h4 Qc7 16. Ng5 Rf6 17. c4 h6 18. Nf3 dxc4 19. Bxc4 Kh8 20. h5 Bc6 21. Ne5 Nxe5 22. dxe5 Rff8 23. Rfd1 f4 24. g4 f3 25. Qe3 Qe7 26. Rd4 Qh4 27. Rad1 Rae8 28. Rf4 Qh3 29. Bf1 Qh4 30. Rd6 Qe7 31. Bc4 Qh4 32. Rxe6 Rd8 33. Rd6 Rxf4 34. Rxd8+ Qxd8 35. Qxf4 Qe7 36. Qf5 Be8 37. Qxf3 b5 38. Bd5 a5 39. Ba2 Qc5 40. Qb3 Qf8 41. Qe6 b4 42. axb4 axb4 43. Bb3 Bb5 44. Kg2 Qd8 45. Kg3 Qf8 46. f4 Be8 47. Qd6 1-0

[Event "III Copa Marcel Duchamp 2019"]
[Site "Montevideo"]
[Date "2019.02.10"]
[Round "2.26"]
[White "Dotta, Gian Franco"]
[Black "Hernandez Amura, Gilberto"]
[Result "0-1"]
[ECO "C11"]
[WhiteElo "1896"]
[BlackElo "2199"]
[Annotator "NA"]
[PlyCount "52"]
[EventDate "2019.02.09"]
[EventType "swiss"]
[EventCountry "URU"]
[SourceTitle "playchess.com"]
[Source "ChessBase"]
[SourceQuality "1"]
[TimeControl "5400+30"]

1. e4 e6 2. d4 d5 3. Nc3 Nf6 4. e5 Nfd7 5. Nce2 c5 6. c3 Nc6 7. f4 b5 8. a3 Qb6 9. Nf3 b4 10. dxc5 Bxc5 11. cxb4 Bf2+ 12. Kd2 a5 13. bxa5 Nxa5 14. Ned4 Bxd4 15. Nxd4 Qxd4+ 16. Ke1 Qe4+ 17. Kf2 O-O 18. Bd3 Qd4+ 19. Kg3 g6 20. h4 Nc5 21. Bc2 Qxd1 22. Rxd1 Ncb3 23. Rb1 Ba6 24. Be3 Rfc8 25. Bxb3 Nxb3 26. Re1 Bd3 0-1

[Event "III Copa Marcel Duchamp 2019"]
[Site "Montevideo"]
[Date "2019.02.10"]
[Round "2.27"]
[White "Lagar, Valentin Alejo"]
[Black "Pena Canapa, Alfredo"]
[Result "1-0"]
[ECO "C50"]
[WhiteElo "2196"]
[BlackElo "1867"]
[Annotator "NA"]
[PlyCount "93"]
[EventDate "2019.02.09"]
[EventType "swiss"]
[EventCountry "URU"]
[SourceTitle "playchess.com"]
[Source "ChessBase"]
[SourceQuality "1"]
[TimeControl "5400+30"]

1. e4 e5 2. Nf3 Nc6 3. Bc4 Bc5 4. d3 a6 5. Nbd2 d6 6. a4 h6 7. c3 Ba7 8. Nf1 Nf6 9. Ng3 Ne7 10. O-O O-O 11. Re1 Be6 12. Bb3 Bxb3 13. Qxb3 Qd7 14. d4 c6 15. h3 Ng6 16. Be3 exd4 17. Bxd4 Bxd4 18. cxd4 Rfe8 19. Nd2 c5 20. Nc4 Qc7 21. d5 Rad8 22. a5 Rd7 23. Qc3 Rde7 24. f3 Rd8 25. Nf5 Ree8 26. Nxh6+ gxh6 27. Qxf6 Qe7 28. Qxe7 Rxe7 29. Ne3 Kh7 30. Kf2 Ne5 31. Ke2 Rc7 32. f4 Ng6 33. g3 h5 34. Kf3 Ne7 35. Rec1 Kg6 36. g4 hxg4+ 37. hxg4 Rh8 38. Kg3 Rcc8 39. Nc4 Rcd8 40. Rab1 Ng8 41. Rh1 Rxh1 42. Rxh1 Nf6 43. Kf3 Kg7 44. g5 Ne8 45. Kg4 f6 46. Ne3 fxg5 47. Nf5+ 1-0

[Event "III Copa Marcel Duchamp 2019"]
[Site "Montevideo"]
[Date "2019.02.10"]
[Round "2.28"]
[White "Ruggiero, Alvaro"]
[Black "Fiora, Emilio"]
[Result "0-1"]
[ECO "B23"]
[WhiteElo "1869"]
[BlackElo "2190"]
[Annotator "NA"]
[PlyCount "52"]
[EventDate "2019.02.09"]
[EventType "swiss"]
[EventCountry "URU"]
[SourceTitle "playchess.com"]
[Source "ChessBase"]
[SourceQuality "1"]
[TimeControl "5400+30"]

1. e4 c5 2. Nc3 e6 3. f4 a6 4. Nf3 b5 5. g3 Bb7 6. d3 Nc6 7. Bg2 d6 8. O-O Be7 9. Kh1 Nf6 10. Ne2 O-O 11. c3 Qc7 12. Be3 c4 13. dxc4 Nxe4 14. cxb5 axb5 15. Nfd4 Na5 16. Qc2 Nf6 17. Bxb7 Qxb7+ 18. Nf3 Nc4 19. Bg1 e5 20. fxe5 dxe5 21. h3 Ra6 22. Kh2 Rd8 23. b3 Nd2 24. Kg2 e4 25. Nfd4 e3+ 26. Kh2 Ng4+ {Kg2 Nf6+ Nf3 Nxf3 Rxf3 Rd2} 0-1

[Event "III Copa Marcel Duchamp 2019"]
[Site "Montevideo"]
[Date "2019.02.10"]
[Round "2.30"]
[White "Baudel, Simon"]
[Black "Hurtado Bahamonde, Rodrigo"]
[Result "0-1"]
[ECO "A02"]
[WhiteElo "1847"]
[BlackElo "2172"]
[Annotator "NA"]
[PlyCount "110"]
[EventDate "2019.02.09"]
[EventType "swiss"]
[EventCountry "URU"]
[SourceTitle "playchess.com"]
[Source "ChessBase"]
[SourceQuality "1"]
[TimeControl "5400+30"]

1. f4 e5 2. fxe5 d6 3. exd6 Bxd6 4. Nf3 g5 5. g3 g4 6. Nh4 Ne7 7. d4 Ng6 8. Nxg6 hxg6 9. Bg2 Rxh2 10. Bf4 Bxf4 11. gxf4 Rxh1+ 12. Bxh1 Qh4+ 13. Kd2 Qf2 14. c3 Qxf4+ 15. e3 Qh2+ 16. Kc1 Nc6 17. Nd2 Bd7 18. Kc2 O-O-O 19. Qg1 Rh8 20. Bd5 f5 21. Rf1 Ne7 22. Bg2 Bc6 23. Bxc6 bxc6 24. Kd3 Nd5 25. a3 Rh3 26. Qxh2 Rxh2 27. c4 Nf6 28. b4 Kd7 29. a4 a6 30. a5 Rh3 31. Rf2 g3 32. Rg2 Rh2 33. Rg1 g5 34. d5 cxd5 35. b5 dxc4+ 36. Nxc4 axb5 37. Ne5+ Ke6 38. Nf3 Ra2 39. Nxg5+ Kd5 40. Rxg3 Ra3+ 41. Kc2 Ne4 42. Rf3 Ke5 43. Nf7+ Kf6 44. Nh6 Nd6 45. Ng8+ Kf7 46. Nh6+ Ke6 47. Rg3 Rxa5 48. Rg7 c5 49. Rc7 Kd5 50. Ng8 Kc4 51. Nf6 Ra2+ 52. Kb1 Re2 53. Re7 f4 54. Ng4 Nf5 55. e4 Nxe7 0-1

[Event "III Copa Marcel Duchamp 2019"]
[Site "Montevideo"]
[Date "2019.02.10"]
[Round "2.31"]
[White "Ramirez Dominguez, Agustin"]
[Black "Granara Barreto, Sebastian"]
[Result "0-1"]
[ECO "A57"]
[WhiteElo "1907"]
[BlackElo "2134"]
[Annotator "NA"]
[PlyCount "74"]
[EventDate "2019.02.09"]
[EventType "swiss"]
[EventCountry "URU"]
[SourceTitle "playchess.com"]
[Source "ChessBase"]
[SourceQuality "1"]
[TimeControl "5400+30"]

1. d4 c5 2. d5 Nf6 3. c4 b5 4. cxb5 a6 5. g3 axb5 6. Bg2 d6 7. Bg5 Nbd7 8. Nd2 g6 9. a4 bxa4 10. Bxf6 Nxf6 11. Rxa4 Rxa4 12. Qxa4+ Bd7 13. Qa2 Bg7 14. Nh3 O-O 15. O-O Bb5 16. Nc4 Qa8 17. Qxa8 Rxa8 18. b3 Ra2 19. e4 Nd7 20. Rc1 Bxc4 21. bxc4 Bd4 22. Kf1 Ne5 23. f3 Nd3 24. Rd1 Nb4 25. Bh1 Nc2 26. Ke2 Ne3+ 27. Rd2 Ra1 28. Nf2 Nxc4 29. Rxd4 cxd4 30. Kd3 Nb2+ 31. Kxd4 Nd1 32. Nh3 Ra2 33. Nf4 Ra4+ 34. Kd3 Nf2+ 35. Ke2 Nxh1 36. Kf1 Ra2 37. Ne2 h5 0-1

[Event "III Copa Marcel Duchamp 2019"]
[Site "Montevideo"]
[Date "2019.02.10"]
[Round "3.6"]
[White "Muniz, Rafael"]
[Black "Salinas Herrera, Pablo"]
[Result "1-0"]
[ECO "B32"]
[WhiteElo "2250"]
[BlackElo "2477"]
[Annotator "ChessBase"]
[PlyCount "125"]
[EventDate "2019.02.09"]
[EventType "swiss"]
[EventCountry "URU"]
[SourceTitle "playchess.com"]
[Source "ChessBase"]
[SourceQuality "1"]
[TimeControl "5400+30"]

1. e4 c5 2. Nf3 Nc6 3. d4 cxd4 4. Nxd4 Qb6 5. Nb3 Nf6 6. Nc3 e6 7. Bd3 a6 8. O-O Be7 9. Qe2 d6 10. Kh1 Qc7 11. f4 b5 12. Bd2 O-O 13. a3 Rb8 14. Rae1 Nd7 15. Nd5 exd5 16. exd5 Bf6 17. dxc6 Qxc6 18. Na5 Qc7 19. b4 Bd8 20. c4 Nf6 21. cxb5 Bg4 22. Qf2 axb5 23. f5 Qd7 24. h3 Bh5 25. Qf4 Bxa5 26. bxa5 Qc6 27. Qd4 Rfe8 28. Bg5 Nd7 29. Qh4 Rxe1 30. Rxe1 Qc3 31. Bf1 f6 32. Bf4 Ne5 33. Bxe5 dxe5 34. Qb4 Qc8 35. Bd3 Bf7 36. Be4 Qd8 37. Rc1 g6 38. Kh2 Kg7 39. Rc6 Qd7 40. Rd6 Qa7 41. Qd2 Rc8 42. a6 Rc4 43. Rd7 Rc7 44. Rd8 Qxa6 45. Qb4 Kh6 46. h4 gxf5 47. Bxf5 Bg6 48. Qf8+ Rg7 49. Rd7 Bxf5 50. Rxg7 Kh5 51. Rf7 Qa4 52. Qb4 Qxb4 53. axb4 Kg6 54. Re7 Bd3 55. Kg3 h5 56. Kf2 Kf5 57. Ke3 Bc4 58. Rg7 Bb3 59. g4+ Ke6 60. gxh5 f5 61. h6 Kf6 62. Rg1 f4+ 63. Kd2 1-0

[Event "III Copa Marcel Duchamp 2019"]
[Site "Montevideo"]
[Date "2019.02.10"]
[Round "3.14"]
[White "Hurtado Bahamonde, Rodrigo"]
[Black "Lopez Azambuja, Nicolas"]
[Result "1/2-1/2"]
[ECO "C17"]
[WhiteElo "2172"]
[BlackElo "2320"]
[Annotator "RC"]
[PlyCount "124"]
[EventDate "2019.02.09"]
[EventType "swiss"]
[EventCountry "URU"]
[SourceTitle "playchess.com"]
[Source "ChessBase"]
[SourceQuality "1"]
[TimeControl "5400+30"]

1. e4 e6 2. d4 d5 3. Nc3 Bb4 4. e5 c5 5. a3 Ba5 6. b4 cxd4 7. Qg4 Kf8 8. Nb5 Bb6 9. Bd3 Nc6 10. f4 a6 11. Nd6 Bc7 12. Nxc8 Qxc8 13. Nf3 Nge7 14. Qh5 h6 15. Bb2 Bb6 16. g4 g6 17. Qh4 Kg8 18. Rg1 Kf8 19. O-O-O Ke8 20. Kb1 Kd7 21. f5 Qc7 22. f6 Nc8 23. g5 h5 24. Rge1 N8a7 25. Nxd4 Nxd4 26. Bxd4 Bxd4 27. Qxd4 Nb5 28. Bxb5+ axb5 29. Re3 Rhc8 30. Rd2 Qc4 31. Kb2 Rc6 32. Red3 Qxd4+ 33. Rxd4 Rac8 34. h4 Rc3 35. R4d3 Rxd3 36. cxd3 d4 37. Re2 Rc3 38. Re4 Rxd3 39. Kc2 Re3 40. Rxd4+ Kc7 41. a4 Rxe5 42. axb5 Rxb5 43. Rc4+ Kd7 44. Kd3 Rd5+ 45. Ke3 Rd1 46. Kf3 Rd3+ 47. Ke2 Rd6 48. Ke3 Rc6 49. Rd4+ Kc7 50. Kf3 b5 51. Ke3 Rd6 52. Rf4 Rd1 53. Rf2 Rc1 54. Ra2 Kb7 55. Ra5 Kb6 56. Ra8 Rc7 57. Rb8+ Kc6 58. Ke4 Rd7 59. Rc8+ Kb7 60. Rf8 Kc6 61. Rc8+ Kb7 62. Rf8 Kc6 1/2-1/2

[Event "III Copa Marcel Duchamp 2019"]
[Site "Montevideo"]
[Date "2019.02.10"]
[Round "3.17"]
[White "Barreto, Ignacio C. de Barro"]
[Black "Guerrero, Alvaro"]
[Result "1-0"]
[ECO "A04"]
[WhiteElo "2212"]
[BlackElo "2096"]
[Annotator "NA"]
[PlyCount "71"]
[EventDate "2019.02.09"]
[EventType "swiss"]
[EventCountry "URU"]
[SourceTitle "playchess.com"]
[Source "ChessBase"]
[SourceQuality "1"]
[TimeControl "5400+30"]

1. Nf3 g6 2. d4 Bg7 3. e4 d6 4. Bc4 Nf6 5. Qe2 O-O 6. O-O c6 7. Bb3 Qc7 8. e5 dxe5 9. dxe5 Nd5 10. h3 e6 11. Re1 Nd7 12. c4 Ne7 13. Bg5 Re8 14. Nc3 h6 15. Bf4 b6 16. Ne4 Rf8 17. Rad1 Kh7 18. Bh2 Kh8 19. Bc2 a5 20. Nd6 Nc5 21. g4 Bd7 22. h4 Kg8 23. Bb1 Rfd8 24. h5 Be8 25. Nh4 g5 26. Nf3 Kf8 27. Nd2 Nc8 28. N2e4 Nxe4 29. Qxe4 Qe7 30. Rd3 Na7 31. f4 c5 32. Rf1 Bc6 33. Qh7 Nc8 34. fxg5 Nxd6 35. gxh6 Nf5 36. hxg7+ 1-0

[Event "III Copa Marcel Duchamp 2019"]
[Site "Montevideo"]
[Date "2019.02.10"]
[Round "3.18"]
[White "Curi, Gabriel"]
[Black "Malan, Lucia"]
[Result "1-0"]
[ECO "D43"]
[WhiteElo "2159"]
[BlackElo "1851"]
[Annotator "NA"]
[PlyCount "49"]
[EventDate "2019.02.09"]
[EventType "swiss"]
[EventCountry "URU"]
[SourceTitle "playchess.com"]
[Source "ChessBase"]
[SourceQuality "1"]
[TimeControl "5400+30"]

1. d4 d5 2. c4 c6 3. Nf3 Nf6 4. Nc3 e6 5. Bg5 Be7 6. e3 O-O 7. Qc2 Nbd7 8. cxd5 Nxd5 9. Bxe7 Qxe7 10. e4 Nb4 11. Qd2 c5 12. a3 Nc6 13. Be2 Nxd4 14. Nxd4 cxd4 15. Qxd4 Nc5 16. Rd1 b6 17. b4 e5 18. Qe3 Ne6 19. Nd5 Qg5 20. Qg3 Qxg3 21. hxg3 Nd4 22. Bc4 Nc2+ 23. Kd2 Nd4 24. Ne7+ Kh8 25. Rxh7+ 1-0

[Event "III Copa Marcel Duchamp 2019"]
[Site "Montevideo"]
[Date "2019.02.10"]
[Round "3.19"]
[White "Sosa Macho, Juan Manuel"]
[Black "Sarquis, Maria Belen"]
[Result "1/2-1/2"]
[ECO "E48"]
[WhiteElo "2079"]
[BlackElo "2164"]
[Annotator "NA"]
[PlyCount "73"]
[EventDate "2019.02.09"]
[EventType "swiss"]
[EventCountry "URU"]
[SourceTitle "playchess.com"]
[Source "ChessBase"]
[SourceQuality "1"]
[TimeControl "5400+30"]

1. d4 Nf6 2. c4 e6 3. Nc3 Bb4 4. e3 O-O 5. Bd3 d5 6. cxd5 exd5 7. Nge2 Re8 8. O-O Bd6 9. f3 c5 10. Kh1 Nc6 11. Nb5 Bf8 12. dxc5 Bxc5 13. Nbd4 Bd7 14. a3 Rc8 15. b4 Bb6 16. Nxc6 bxc6 17. Nd4 c5 18. bxc5 Bxc5 19. Re1 Qe7 20. Bb2 Rb8 21. Qd2 a5 22. Qf2 a4 23. Re2 Rxb2 24. Rxb2 Qxe3 25. Qxe3 Rxe3 26. Rb8+ Be8 27. Bb5 Bxd4 28. Rd1 Bc5 29. g4 Rb3 30. Rxe8+ Nxe8 31. Bxe8 d4 32. Bxa4 Rxf3 33. Rc1 Bxa3 34. Rc8+ Bf8 35. Rd8 Rd3 36. Bb5 Rf3 37. Re8 1/2-1/2